 Dungeon Sprint DCSS version 0.26-a0-1026-g544776af23 (webtiles) character file.

Game seed: 4994636316077096989

6078 sahdkjhfkaj the Fighter (level 10, -5/103 HPs)
             Began as a Minotaur Monk on Dec 9, 2020.
             Was a High Priest of Okawaru.
             Slain by a +0 vampiric trident (10 damage)
             ... in the Dungeon (Sprint V: "Ziggurat Sprint").
             The game lasted 00:02:08 (825 turns).

sahdkjhfkaj the Fighter (Minotaur Monk)              Turns: 825, Time: 00:02:09

Health: -5/103     AC: 27    Str: 30    XL:     10   Next: 57%
Magic:  13/14      EV: 13    Int:  7    God:    Okawaru [*****.]
Gold:   0          SH:  0    Dex: 14    Spells: 9/9 levels left

rFire    + . .     SeeInvis .   (no weapon)
rCold    + . .     Faith    .   (no shield)
rNeg     . . .     Spirit   .   E - +5 crystal plate armour
rPois    .         Reflect  .   (helmet restricted)
rElec    .         Harm     .   g - scarf {rC+ rF+}
rCorr    .         Rampage  .   (no gloves)
Will     .....     NoTele   +   (no boots)
Stlth    ..........             (no amulet)
HPRegen  0.27/turn              z - +6 ring of strength
MPRegen  0.14/turn              y - +6 ring of strength

@: engulfed (cannot breathe)
A: retaliatory headbutt, horns 2
a: Heroism, Finesse, Renounce Religion


You were in the Dungeon.
You worshipped Okawaru.
Okawaru was extremely pleased with you.
You visited 1 branch

Inventory:

Hand Weapons
 l - a +2 longbow of freezing
Armour
 g - a scarf of resistance (worn)
 E - a +5 crystal plate armour (worn)
Jewellery
 t - an uncursed ring of flight
 u - a +6 ring of dexterity
 v - a +6 ring of dexterity
 w - a +6 ring of intelligence
 x - a +6 ring of intelligence
 y - a +6 ring of strength (right hand)
 z - a +6 ring of strength (left hand)
Wands
 A - a wand of disintegration (7)
 B - a wand of iceblast (4)
 C - a wand of acid (7)
Scrolls
 h - 4 scrolls of blinking
 n - 4 scrolls of amnesia
 o - 7 scrolls of fog
 p - a scroll of holy word
 q - 5 scrolls of identify
 r - 5 scrolls of remove curse
 s - 2 scrolls of fear
Potions
 c - 7 potions of curing
 d - 10 potions of heal wounds
 e - 6 potions of haste
 f - 7 potions of magic
 i - 2 potions of brilliance
 j - 2 potions of invisibility
 k - 4 potions of resistance
 m - 5 potions of might
Miscellaneous
 a - a lightning rod (4/4)
 b - a lightning rod (4/4)


   Skills:
 - Level 14.0 Fighting
 - Level 8.8 Short Blades
 + Level 6.4 Bows
 - Level 13.6 Armour
 - Level 13.0 Dodging
 - Level 1.5 Stealth
 - Level 7.4 Invocations
 - Level 9.3 Evocations


You had 9 spell levels left.
You didn't know any spells.
Your spell library contained the following spells:

 Spells                   Type           Power        Failure   Level
 Call Canine Familiar     Summ           #.......     100%        3
 Summon Guardian Golem    Hex/Summ       #.......     100%        3
 Summon Demon             Summ           #.........   100%        5
 Shatter                  Erth           #.........   100%        9


Dungeon Overview and Level Annotations

Branches:
Dungeon (1/1)

Altars:
Ashenzari
Cheibriados
Dithmenos
Elyvilon
Fedhas
Gozag
Hepliaklqana
Kikubaaqudgha
Makhleb
Nemelex Xobeh
Okawaru
Qazlal
Ru
Sif Muna
Trog
Uskayaw
Vehumet
Wu Jian
Xom
Yredelemnul
Zin
The Shining One
Beogh
Jiyva
Lugonu

Annotations:
D 1 transporter


Innate Abilities, Weirdness & Mutations

You reflexively headbutt those who attack you in melee.
You have a pair of horns on your head.


Message History

Unknown command.
You closely miss the deep elf knight.
Your headbutt misses the deep elf knight.
The deep elf mage mumbles some strange words.
You hit the deep elf mage.
The deep elf mage is lightly wounded.
Your hands slow down.
The +0 vampiric trident hits you from afar!
* * * LOW HITPOINT WARNING * * *
The water elemental hits you.
The water elemental engulfs you in water!
The deep elf knight hits you with a +0 short sword.
* * * LOW HITPOINT WARNING * * *
Unknown command.
You closely miss the deep elf mage.
The deep elf mage is lightly wounded.
* * * LOW HITPOINT WARNING * * *
Your lungs strain for air!
The +0 vampiric trident hits you from afar!
You die...

▓....©....▓...©...▓
▓▓▓▓▓▓▓▓▓▓▓▓▓▓▓▓▓▓▓
▓...8©8...▓..8©8..▓
▓..|)=)[..▓..)):..▓
▓...}}[...▓..})=..▓
▓.*..e.EE.▓.......▓
▓....e(e..▓.......▓
▓....Eee..▓.......▓
▓....@e...▓.......▓
▓.▓.....▓.▓.▓...▓.▓
▓....©....▓...©...▓
▓▓▓▓▓▓▓▓▓▓▓▓▓▓▓▓▓▓▓


You could see a deep elf archer (repels missiles), a deep elf knight, 2 earth
elementals, a water elemental, 4 deep elf magi, a +0 vampiric trident and a
battlesphere.

Vanquished Creatures
  2 two-headed ogres (D)
  A dancing weapon (D)
  A deep elf knight (D)
  3 deep elf magi (D)
  A shining eye (D)
  2 trolls (D)
  3 merfolk (D)
  A golden eye (D)
  2 hell hounds (D)
  2 ogres (D)
  4 necrophages (D)
  A wight (D)
  2 crimson imps (D)
  2 jellies (D)
  2 oozes (D)
  An adder skeleton (D)
  A bat skeleton (D)
  2 bat zombies (D)
  A jackal skeleton (D)
  A jackal zombie (D)
  A leopard gecko zombie (D)
  A quokka zombie (D)
37 creatures vanquished.

Notes
Turn   | Place    | Note
-------+----------+-------------------------------------------
     0 | D        | sahdkjhfkaj the Minotaur Monk began the quest for the Orb.
     0 | D        | Reached XP level 1. HP: 19/19 MP: 0/0
     0 | D        | Found a shimmering blue altar of Sif Muna.
     0 | D        | Found a sacrificial altar of Ru.
     0 | D        | Found a bloodstained altar of Trog.
     0 | D        | Found a stormy altar of Qazlal.
     0 | D        | Found an iron altar of Okawaru.
     0 | D        | Found a sparkling altar of Nemelex Xobeh.
     0 | D        | Found a blossoming altar of Fedhas.
     1 | D        | Found the +6 Majin-Bo {vamp, MP+6 Int+6}
     1 | D        | Found the +9 heavy crossbow "Sniper" {vorpal, Acc+∞ SInv}
     1 | D        | Found the +10 dark maul {vorpal}
     1 | D        | Found the +15 Maxwell's patent armour {-Cast -Tele rElec
                  | Will+ rCorr}
     1 | D        | Found the +18 shield of the Gong {rElec rN+ Will+ EV-5}
     1 | D        | Found the cursed +14 obsidian axe {vorpal, +Fly SInv
                  | *Curse}
     1 | D        | Found the +7 great mace "Firestarter" {inner flame, rF++}
     1 | D        | Found the +6 shillelagh "Devastator" {shatter}
     1 | D        | Found the +11 plutonium sword {*Contam Stlth-}
     1 | D        | Found the +8 lance "Wyrmbane" {slay drac, rPois rF+ rC+
                  | AC+3}
     1 | D        | Found the +9 sword of Zonguldrok {reap}
     1 | D        | Found the cursed +13 scythe of Curses {drain, *Curse}
     1 | D        | Found the +0 sword of Power
     1 | D        | Found the +7 mace of Variability {chain chaos}
     1 | D        | Found the +7 Singing Sword {vorpal, sonic wave}
     1 | D        | Found the +8 storm bow {elec, penet}
     2 | D        | Found a transporter.
     2 | D        | Found an ancient bone altar of Kikubaaqudgha.
     2 | D        | Found a viscous altar of Jiyva.
     2 | D        | Found a corrupted altar of Lugonu.
     2 | D        | Found a hazy altar of Hepliaklqana.
     2 | D        | Found a burning altar of Makhleb.
     2 | D        | Found an opulent altar of Gozag.
    22 | D        | Banished a spatial maelstrom
    58 | D        | Became a worshipper of Warmaster Okawaru
    58 | D        | Reached * piety under Okawaru
    58 | D        | Reached ** piety under Okawaru
    90 | D        | Reached XP level 2. HP: 26/26 MP: 1/1
    91 | D        | Entered arena 2.
    91 | D        | Noticed a hell hound
    91 | D        | Noticed a hell hound
    91 | D        | Found a transporter.
    96 | D        | Killed a hell hound
    97 | D        | Reached skill level 6 in Fighting
    97 | D        | Reached skill level 5 in Dodging
    97 | D        | Reached XP level 3. HP: 15/37 MP: 2/2
    97 | D        | Reached XP level 4. HP: 18/44 MP: 3/3
   100 | D        | Killed a hell hound
   101 | D        | Reached skill level 7 in Fighting
   101 | D        | Reached XP level 5. HP: 21/53 MP: 4/4
   460 | D        | Entered arena 3.
   460 | D        | Noticed a merfolk
   460 | D        | Noticed a merfolk
   460 | D        | Noticed a merfolk
   460 | D        | Found a transporter.
   469 | D        | Killed a merfolk
   469 | D        | Reached *** piety under Okawaru
   470 | D        | Reached skill level 9 in Fighting
   470 | D        | Reached XP level 6. HP: 64/64 MP: 5/5
   473 | D        | Killed a merfolk
   474 | D        | Reached skill level 10 in Fighting
   474 | D        | Reached XP level 7. HP: 73/73 MP: 6/6
   480 | D        | Killed a merfolk
   480 | D        | Reached **** piety under Okawaru
   481 | D        | Reached skill level 11 in Fighting
   481 | D        | Reached skill level 10 in Armour
   481 | D        | Reached skill level 10 in Dodging
   545 | D        | Entered arena 4.
   545 | D        | Found a transporter.
   566 | D        | Entered arena 5.
   566 | D        | Found a transporter.
   570 | D        | Reached XP level 8. HP: 82/82 MP: 7/7
   579 | D        | Reached skill level 1 in Invocations
   584 | D        | Entered arena 6.
   584 | D        | Noticed a deep elf mage
   584 | D        | Noticed a deep elf knight
   584 | D        | Noticed a deep elf mage
   584 | D        | Noticed a deep elf mage
   584 | D        | Noticed a +2 war axe of electrocution
   584 | D        | Found a transporter.
   585 | D        | Identified the +8 demon blade "Eckoy" {pain, rN+ Int+2}
   591 | D        | Killed a +2 war axe of electrocution
   592 | D        | Reached skill level 12 in Fighting
   595 | D        | Killed a deep elf mage
   596 | D        | Reached skill level 5 in Invocations
   596 | D        | Reached XP level 9. HP: 92/92 MP: 7/11
   601 | D        | Killed a deep elf mage
   601 | D        | Reached ***** piety under Okawaru
   602 | D        | Reached skill level 13 in Fighting
   604 | D        | Killed a deep elf mage
   604 | D        | Received a gift from Okawaru
   612 | D        | Killed a deep elf knight
   613 | D        | Reached skill level 14 in Fighting
   715 | D        | Entered arena 7.
   715 | D        | Noticed a troll
   715 | D        | Noticed a two-headed ogre
   715 | D        | Noticed a troll
   715 | D        | Noticed a two-headed ogre
   719 | D        | Reached skill level 1 in Evocations
   719 | D        | Found a transporter.
   720 | D        | Killed a troll
   723 | D        | Killed a troll
   724 | D        | Reached XP level 10. HP: 103/103 MP: 14/14
   725 | D        | Reached skill level 5 in Evocations
   727 | D        | Killed a two-headed ogre
   733 | D        | Killed a two-headed ogre
   733 | D        | Received a gift from Okawaru
   752 | D        | Got the Collected Works on Supportive Clay
   761 | D        | Entered arena 8.
   761 | D        | Noticed a shining eye
   778 | D        | Killed a shining eye
   779 | D        | Reached skill level 5 in Bows
   781 | D        | Found a transporter.
   789 | D        | Entered arena 9.
   790 | D        | Identified the +7 quarterstaff "Caneun" {distort, rPois rC+
                  | Will+}
   790 | D        | Found a transporter.
   817 | D        | Entered arena 10.
   817 | D        | Noticed a deep elf mage
   817 | D        | Noticed a +0 vampiric trident
   817 | D        | Noticed a deep elf mage
   817 | D        | Noticed a deep elf archer
   817 | D        | Noticed a deep elf mage
   817 | D        | Noticed a deep elf knight
   817 | D        | Noticed a deep elf mage
   818 | D        | Found the ring of Shadows {Umbra +Inv Stlth+}
   818 | D        | Identified the +3 glaive "Azxem" {venom, rElec Str+2}
   818 | D        | Found a transporter.
   825 | D        | HP: 5/103 [drowned by a water elemental (5)]
   825 | D        | Slain by a +0 vampiric trident

Illustrated notes

Levels and vault maps discovered:
D:        sprint_v [room_start, room_1, room_2, room_3, room_4, room_5, room_6,
          room_7, room_8, room_9, room_10, room_11, room_12, room_13, room_14,
          room_15, room_16, room_17, room_18, room_19, room_20, room_21,
          room_22, room_23, room_24, room_25, room_26, room_27]

Skill      XL: |  1  2  3  4  5  6  7  8  9 10 |
---------------+-------------------------------+-----
Short Blades   | 8 |  8.8
Fighting       | 6 7 9 10 11 12 14 | 14.0
Armour         | 4 6 8 9 10 12 13 | 13.6
Dodging        | 5 7 8 9 10 12 13 | 13.0
Invocations    | 5 7 |  7.4
Evocations     | 4 9 |  9.3
Bows           | 6 |  6.4
Stealth        | |  1.5

Action                   |  1- 3 |  4- 6 |  7- 9 | 10-12 || total
-------------------------+-------+-------+-------+-------++-------
Melee: Quick blade       |     4 |    14 |    58 |    10 ||    86
       Headbutt          |     1 |     4 |    14 |    16 ||    35
       Unarmed           |       |       |       |    40 ||    40
       Punch             |       |       |       |     1 ||     1
Invok: Heroism           |       |       |       |     1 ||     1
       Finesse           |       |       |       |     1 ||     1
Evoke: Wand              |       |       |     3 |       ||     3
  Use: Potion            |     2 |     1 |     1 |     3 ||     7
       Scroll            |       |       |     1 |       ||     1
Armor: Crystal plate arm |     2 |     6 |    17 |    11 ||    36
Dodge: Dodged            |       |     5 |    14 |    21 ||    40

Table legend: (Time is in decaauts)
 A = Elapsed time spent in this place.
 B = Non-inter-level travel time spent in this place.
 C = Inter-level travel time spent in this place.
 D = Time resting spent in this place.
 E = Time spent auto-exploring this place.
 F = Levels seen in this place.
 G = Mean time per level.
                   A        B        C        D        E       F      G
               +--------+--------+--------+--------+--------+-----+--------+
         Total |    763 |    763 |      0 |    546 |     21 |   1 |  763.0 |
       Dungeon |    763 |    763 |      0 |    546 |     21 |   1 |  763.0 |
               +--------+--------+--------+--------+--------+-----+--------+

Top non-repeatable levels by time:
       D: 763 daAuts
